 Dungeon Crawl Stone Soup version 0.20.1-1-g8b1a95d (webtiles) character file.

480 Marthos the Magician (level 6, -4/41 HPs)
             Began as a Demonspawn Wizard on Dec 5, 2017.
             Killed from afar by an orc wizard (7 damage)
             ... with a magic dart
             ... on level 4 of the Dungeon.
             The game lasted 00:09:11 (5418 turns).

Marthos the Magician (Demonspawn Wizard)            Turns: 5418, Time: 00:09:12

Health: -4/41      AC:  4    Str:  7    XL:     6   Next: 86%
Magic:  8/14       EV: 12    Int: 22    God:
Gold:   187        SH:  4    Dex: 11    Spells: 10/16 levels left

rFire    . . .     SeeInvis .   u - -3 dagger (curse)
rCold    + . .     Gourm    .   (no shield)
rNeg     . . .     Faith    .   a - +0 robe
rPois    .         Spirit   .   b - +0 hat
rElec    .         Reflect  +   (no cloak)
rCorr    .         Harm     .   (no gloves)
MR       .....                  (no boots)
Stlth    ++........             j - +4 amulet of reflection
Regen    0.2/turn               k - ring of protection from cold
MPRegen  0.2/turn               p - ring of flight

@: no status effects
A: claws 1, molten scales 1, spiny 1
a: Evoke Flight


You were on level 4 of the Dungeon.
You were not hungry.

You visited 1 branch of the dungeon, and saw 5 of its levels.

You collected 187 gold pieces.

Inventory:

Hand Weapons
 e - a +0 dagger
 u - a cursed -3 dagger (weapon)
Armour
 a - a +0 robe (worn)
 b - a +0 hat (worn)
Jewellery
 j - a +4 amulet of reflection (around neck)
 k - a ring of protection from cold (left claw)
 p - a ring of flight (right claw)
 y - an uncursed ring of resist corrosion {unknown}
Scrolls
 g - 2 scrolls of teleportation
 h - 9 scrolls of identify
 i - 3 scrolls of magic mapping
 v - a scroll of recharging {unknown}
 x - 2 scrolls of blinking {unknown}
Potions
 l - a potion of lignification
 m - a potion of invisibility {unknown}
 n - 4 potions of haste
 r - a potion of heal wounds {unknown}
 s - a potion of brilliance {unknown}
 t - a potion of mutation {unknown}
 w - a potion of magic {unknown}
Books
 c - a book of Minor Magic

   Spells                             Type                      Level
   a - Magic Dart                     Conjuration                  1
   b - Blink                          Translocation                2
   c - Call Imp                       Summoning                    2
   d - Slow                           Hexes                        2
   e - Conjure Flame                  Conjuration/Fire             3
   f - Mephitic Cloud                 Conjuration/Poison/Air       3
Comestibles
 d - 3 bread rations
 f - 4 meat rations
 o - 6 fruits


   Skills:
 - Level 1.7 Dodging
 - Level 1.7 Stealth
 * Level 5.5 Spellcasting
 * Level 5.0 Conjurations
 - Level 1.0 Summonings
   Level 0.8 Translocations


You had 10 spell levels left.
You knew the following spells:

 Your Spells              Type           Power        Failure   Level  Hunger
a - Magic Dart            Conj           ####         1%          1    None
b - Call Imp              Summ           ##......     10%         2    None
c - Mephitic Cloud        Conj/Pois/Air  ##......     14%         3    ##.....


Dungeon Overview and Level Annotations

Branches:
Dungeon (5/15)
 Temple: D:4-7

Altars:

Shops:
D:4 :   D:5 [


Innate Abilities, Weirdness & Mutations

You have sharp fingernails.
You are partially covered in molten scales. (AC +2)
You are partially covered in sharp spines.


Message History

The orc wizard blinks!
An orc wizard comes into view. It is wielding a dagger.
The orc wizard mumbles some strange words.
The orc wizard seems to speed up.
Casting: Magic Dart
Confirm with . or Enter, or press ? or * to list all spells.
Aiming: Magic Dart
Press: ? - help, Shift-Dir - straight line, f/p - orc wizard
Aim: an orc wizard, wielding a dagger and wearing a robe (heavily wounded)
The magic dart hits the orc wizard.
The orc wizard is severely wounded.
The orc wizard casts a spell at you. The magic dart hits you!
* * * LOW HITPOINT WARNING * * *
The orc wizard points at you and mumbles some strange words.
The magic dart hits you!
* * * LOW HITPOINT WARNING * * *
The orc wizard casts a spell at you. The magic dart hits you!
You die...

#.........# #
########.........######
#......................
#...............<......
#........o.............
#......................
#..........o...........
#.(....#########.......
#.....@#.......+.......
#......'.......#.......
#.....[#.......#.......
#......#############'##
#######.........#....)#
#.........#.....#
#.........#.....#
#.........#.....#
#######.........#...###


You could see an orc wizard.

Vanquished Creatures
  A centaur (D:5)
  A bullfrog zombie (D:5)
  A bullfrog skeleton (D:4)
  An orc priest (D:4)
  An orc wizard (D:4)
  2 hound zombies (D:3)
  A worker ant zombie (D:3)
  5 adders
  3 oozes
  An adder skeleton (D:4)
  5 worms
  4 dart slugs
  4 leopard geckos
  13 orcs
  7 giant cockroaches
  8 goblins
  9 hobgoblins
  4 jackals (D:3)
  7 kobolds
  A ball python (D:2)
  4 bats
  6 frilled lizards
  2 leopard gecko skeletons
  7 rats
98 creatures vanquished.

Vanquished Creatures (collateral kills)
  A sky beast (D:5)
  An orc (D:5)
2 creatures vanquished.

Grand Total: 100 creatures vanquished

Notes
Turn   | Place    | Note
-------+----------+-------------------------------------------
     0 | D:1      | Marthos the Demonspawn Wizard began the quest for the Orb.
     0 | D:1      | Reached XP level 1. HP: 13/13 MP: 4/4
   234 | D:1      | Gained mutation: You are partially covered in molten scales. (AC +2) [demonic ancestry]
   234 | D:1      | Reached XP level 2. HP: 16/19 MP: 1/6
  1194 | D:2      | Gained mutation: You have sharp fingernails. [demonic ancestry]
  1194 | D:2      | Reached XP level 3. HP: 24/24 MP: 0/8
  2057 | D:2      | Reached XP level 4. HP: 19/30 MP: 1/9
  2608 | D:2      | Learned a level 2 spell: Call Imp
  2612 | D:2      | Learned a level 3 spell: Mephitic Cloud
  3089 | D:3      | Found a faded altar of an unknown god.
  3373 | D:3      | Gained mutation: You are partially covered in sharp spines. [demonic ancestry]
  3373 | D:3      | Reached XP level 5. HP: 32/35 MP: 7/11
  4282 | D:4      | Reached XP level 6. HP: 29/41 MP: 8/13
  4414 | D:4      | Found Gis Pyax's Book Boutique.
  4458 | D:4      | Reached skill level 5 in Spellcasting
  4708 | D:5      | Entered Level 5 of the Dungeon
  4713 | D:5      | Noticed an ice beast
  5002 | D:5      | Found Jakk's Armour Emporium.
  5025 | D:5      | Noticed a sky beast
  5051 | D:5      | Killed a sky beast
  5224 | D:5      | Reached skill level 5 in Conjurations
  5263 | D:5      | HP: 1/41 [iguana (11)]
  5418 | D:4      | Killed from afar by an orc wizard

Skill      XL: |  1  2  3  4  5  6 |
---------------+-------------------+-----
Conjurations   | 2 3 4 5 |  5.0
Spellcasting   | 4 5 |  5.5
Dodging        | |  1.7
Stealth        | |  1.7
Summonings     | |  1.0
Translocations | |  0.8

Action                   |  1- 3 |  4- 6 || total
-------------------------+-------+-------++-------
Melee: Unarmed           |    13 |       ||    13
       Dagger            |    53 |    54 ||   107
 Cast: Magic Dart        |   113 |   195 ||   308
       Call Imp          |       |     9 ||     9
  Use: Scroll            |       |     8 ||     8
       Potion            |       |     2 ||     2
  Eat: Chunk             |     3 |    11 ||    14
Armor: Robe              |    12 |    22 ||    34
Dodge: Dodged            |    34 |    56 ||    90
Block: Other             |       |    16 ||    16
